 Dungeon Crawl Stone Soup version 0.28.0 (webtiles) character file.

Game seed: 15573759997811707545

100 HallandMoats the Skirmisher (level 4, 0/37 HPs)
             Began as a Demonspawn Monk on Feb 6, 2022.
             Slain by Grinder (5 damage)
             ... on level 3 of the Dungeon.
             The game lasted 00:04:07 (3702 turns).

HallandMoats the Skirmisher (Demonspawn Monk)       Turns: 3702, Time: 00:04:08

Health: 0/37       AC:  8    Str: 17    XL:     4   Next: 46%
Magic:  14/14      EV: 11    Int: 12    God:
Gold:   51         SH:  0    Dex: 15    Spells: 3/3 levels left

rFire   . . .      SeeInvis .     - Unarmed
rCold   . . .      Faith    .   (no shield)
rNeg    . . .      Spirit   .   l - +0 ring mail
rPois   .          Reflect  .   i - +0 helmet
rElec   .          Harm     .   (no cloak)
rCorr   +          Rampage  .   (no gloves)
Will    .....                   (no boots)
Stlth   +.........              h - amulet "Ungiomur" {Acrobat rCorr MP+9 Str+4}
HPRegen 0.12/turn               (no ring)
MPRegen 0.28/turn               (no ring)

@: no status effects
A: thin metallic scales 1, magic regeneration
a: no special abilities


You were on level 3 of the Dungeon.
You visited 1 branch of the dungeon, and saw 3 of its levels.

You collected 51 gold pieces.

Inventory:

Armour
 i - a +0 helmet (worn)
 l - a +0 ring mail (worn)
Jewellery
 h - the amulet "Ungiomur" (around neck) {Acrobat rCorr MP+9 Str+4}
   (You found it on level 2 of the Dungeon)

   [amulet of the acrobat]

   It increases your evasion while moving and waiting.
   Str:       It affects your strength (+4).
   MP:        It affects your magic capacity (+9).
   rCorr:     It protects you from acid and corrosion.
Wands
 m - a wand of charming (1)
Scrolls
 c - a scroll of fog
 d - a scroll of noise {unknown}
 e - 3 scrolls of fear
 g - a scroll of teleportation {unknown}
 j - a scroll of identify {unknown}
 k - a scroll of holy word {unknown}
 n - a scroll of amnesia {unknown}
Potions
 a - a potion of might {unknown}
 f - 2 potions of curing {unknown}
 o - a potion of heal wounds {unknown}


   Skills:
 * Level 3.7 Fighting
 + Level 0.9 Armour
 + Level 3.0 Dodging
 - Level 1.7 Stealth
 * Level 3.3 Unarmed Combat
 * Level 2.3 Invocations


You had 3 spell levels left.
You didn't know any spells.
Your spell library contained the following spells:

 Spells                   Type           Power      Damage    Failure   Level
 Petrify                  Tmut/Erth      0%         N/A       99%         4
 Fireball                 Conj/Fire      0%         3d3       100%        5
 Metabolic Englaciation   Hex/Ice        0%         N/A       100%        5
 Starburst                Conj/Fire      0%         6d3       100%        6
 Statue Form              Tmut/Erth      0%         N/A       100%        6
 Ignition                 Fire           0%         3d3       100%        8


Dungeon Overview and Level Annotations

Branches:
Dungeon (3/15)

Altars:
Xom

Annotations:
D:3 Grinder, Sigmund


Innate Abilities, Weirdness & Mutations

You are partially covered in thin metallic scales. (AC +2)
You regenerate magic rapidly.


Message History

Unknown command.
Press < or > to pray at altars.
Unknown command.
Press < or > to pray at altars.
A magic dart appears from out of thin air!
The magic dart hits you.
Unknown command.
Unknown command.
Something misses you.
Unknown command.
Unknown command.
Something hits you.
Unknown command.
What are your orders? t - Shout!
Orders for allies: a - Attack new target. p - Attack previous target. r - Retreat! s - Stop attacking. g - Guard the area. f - Follow me.
Anything else - Cancel.
Gang up on whom?
Press: ? - help, Dir - move target, p - Grinder There's nothing there!
Something barely misses you.
You barely miss something. You closely miss something. Something hits you!
You hit something. Something hits you.
You hit something.
You hear some strange, mumbled words.
A puff of flame appears from out of thin air!
The puff of flame hits you!
* * * LOW HITPOINT WARNING * * *
Something barely misses Grinder.
Grinder is no longer charmed.
Aiming: Charm
Press: ? - help, Shift-Dir - straight line, f - Grinder
Aim: Grinder (chance to affect: 49%) Grinder resists with some effort.
Grinder hits you.
* * * LOW HITPOINT WARNING * * *
You writhe in agony.
You die...

##.. ... ..#.###.###.# #.#
#...##.##....# #.# #.#
#..#.#..#..# #.###.###.##
...##.....##..###..........#
#......_.......###########.###
#..##.....##....## ##.....# #.
#..#.#..#.....## ##..#.#.#
....##.##....5...####...#.#.###
#..............@..'.............
#.....###.........####...#.#.###
..#.## ##..!....## ##..#.#.# .#
##.....## ##.#.#.# ##...##
#.....# ##+## ###.### # #.# #J
#.# ...######### #.#


You could see Grinder.

Vanquished Creatures
  5 adders
  A worm (D:2)
  An orc (D:3)
  3 ball pythons
  7 endoplasms
  3 giant cockroaches
  4 goblins
  3 hobgoblins
  2 jackals (D:2)
  A quokka (D:2)
  4 bats
  2 frilled lizards
  4 kobolds
  9 rats
49 creatures vanquished.

Vanquished Creatures (others)
  A fungus (D:3)
  A plant (D:3)
2 creatures vanquished.

Grand Total: 51 creatures vanquished

Notes
Turn   | Place    | Note
-------+----------+-------------------------------------------
     0 | D:1      | HallandMoats the Demonspawn Monk began the quest for the
                  | Orb.
     0 | D:1      | Reached XP level 1. HP: 18/18 MP: 1/1
   375 | D:1      | Gained mutation: You regenerate magic rapidly. [demonic
                  | ancestry]
   375 | D:1      | Reached XP level 2. HP: 20/24 MP: 2/2
   735 | D:2      | Reached skill level 1 in Invocations
  1388 | D:2      | Reached XP level 3. HP: 23/29 MP: 3/3
  2094 | D:2      | Identified the amulet "Ungiomur" {Acrobat rCorr MP+9 Str+4}
  2719 | D:2      | Gained mutation: You are partially covered in thin metallic
                  | scales. (AC +2) [demonic ancestry]
  2719 | D:2      | Reached XP level 4. HP: 13/36 MP: 5/5
  3071 | D:3      | Found a faded altar of an unknown god.
  3640 | D:3      | Noticed Grinder
  3666 | D:3      | Found a shimmering altar of Xom.
  3678 | D:3      | Noticed Sigmund
  3702 | D:3      | Slain by Grinder

Illustrated notes

Levels and vault maps discovered:
D:1:      mushboom_english_gardens, layout_rooms
D:2:      layout_rooms, corexii_hall_statues_x, minmay_hexomino_p4
D:3:      layout_loops_corners, mainiacjoe_overflow_small_starburst,
          shapermc_ecumenical_altar_gd, uniq_sigmund, uniq_grinder

Skill      XL: |  1  2  3 |
---------------+----------+-----
Invocations    | 1 2 |  2.3
Unarmed Combat | 3 |  3.3
Dodging        | 3 |  3.0
Fighting       | |  3.7
Armour         | |  0.9
Stealth        | |  1.7

Action                   |  1- 3 |  4- 6 || total
-------------------------+-------+-------++-------
Melee: Unarmed           |   179 |    55 ||   234
       Punch             |       |     2 ||     2
Evoke: Wand              |       |     2 ||     2
  Use: Potion            |     2 |       ||     2
       Scroll            |       |     2 ||     2
 Stab: Sleeping          |     4 |       ||     4
Armor: Robe              |    23 |     1 ||    24
       Skin              |     2 |       ||     2
       Ring mail         |       |     7 ||     7
Dodge: Dodged            |   131 |    29 ||   160
